Map: Seething Jungle

Players

Duncan - Winner!

  • Race: Protoss Protoss
  • Spawn Location: 1:00

EdibleDXX - Winner!

  • Race: Terran Terran
  • Spawn Location: 12:00

A.I. 2 (Medium)

  • Race: Zerg Zerg
  • Spawn Location: 7:00

A.I. 3 (Medium)

  • Race: Terran Terran
  • Spawn Location: 6:00

VOD

Have the link to the VOD?

Description

Time

  • Played on: Dec. 18, 2015, 7:51 p.m.
  • Length: 20:36
Show
View Real Time Build Order
Export as new Build Order

Duncan Protoss - Winner!

Build Orders:  

Get SALT Encoding   

  12  0:03  Probe (Chrono Boost)  
  13  0:13  Probe (Chrono Boost)  
  14  0:27  Pylon  
  14  0:34  Pylon  
  14  0:53  Gateway  
  14  1:01  Assimilator  
  14  1:07  Assimilator  
  14  1:13  Probe (Chrono Boost)  
  15  1:23  Probe (Chrono Boost)  
  16  1:34  Probe (Chrono Boost)  
  17  1:44  Probe (Chrono Boost)  
  18  1:52  Cybernetics Core  
  18  1:55  Probe (Chrono Boost)  
  18  1:56  Pylon  
  19  2:48  Nexus  
  19  3:09  Forge  
  19  3:14  Robotics Facility  
  19  3:16  Robotics Facility  
  19  3:34  Pylon  
  19  3:58  Photon Cannon  
  19  3:59  Photon Cannon  
  19  4:03  Photon Cannon  
  19  4:06  Photon Cannon  
  19  4:16  Probe (Chrono Boost)  
  20  4:26  Probe (Chrono Boost)  
  21  4:37  Probe (Chrono Boost)  
  22  4:47  Probe (Chrono Boost)  
  23  5:07  Stargate  
  23  5:12  Stargate  
  24  5:28  Probe (Chrono Boost)  
  24  5:34  Assimilator  
  24  5:38  Assimilator  
  24  5:39  Probe (Chrono Boost)  
  25  5:49  Probe (Chrono Boost)  
  26  6:00  Probe (Chrono Boost)  
  27  6:10  Probe (Chrono Boost)  
  28  6:25  Fleet Beacon  
  28  6:46  Photon Cannon  
  32  7:01  Immortal (Chrono Boost)  
  32  7:02  Immortal (Chrono Boost)  
  36  7:09  Protoss Ground Weapons Level 1  
  44  7:37  Immortal (Chrono Boost)  
  44  7:38  Immortal (Chrono Boost)  
  44  7:43  Probe  
  45  7:55  Probe  
  46  8:07  Probe  
  47  8:16  Immortal (Chrono Boost)  
  56  8:20  Probe, Immortal (Chrono Boost)  
  56  8:32  Probe  
  57  8:44  Probe  
  57  8:47  Nexus  
  58  8:50  Immortal (Chrono Boost)  
  62  9:00  Pylon  
  62  9:02  Pylon  
  62  9:03  Protoss Ground Armor Level 1  
  62  9:06  Pylon  
  62  9:08  Pylon  
  62  9:10  Pylon  
  62  9:18  Probe, Immortal (Chrono Boost)  
  67  9:30  Probe  
  68  9:42  Probe  
  69  9:54  Probe  
  70  10:01  Pylon  
  70  10:07  Pylon  
  50  10:56  Tempest (Chrono Boost)  
  58  10:57  Tempest (Chrono Boost)  
  58  10:58  Protoss Shields Level 1  
  58  11:36  Tempest (Chrono Boost)  
  66  11:42  Tempest (Chrono Boost)  
  66  12:02  Nexus  
  66  12:08  Photon Cannon  
  66  12:10  Photon Cannon  
  66  12:13  Tempest (Chrono Boost)  
  74  12:25  Tempest (Chrono Boost)  
  74  12:38  Photon Cannon  
  74  12:50  Tempest (Chrono Boost)  
  78  13:12  Probe  
  79  13:23  Probe  
  80  13:33  Probe  
  81  13:44  Probe  
  82  13:54  Probe  
  83  14:15  Probe  
  84  14:26  Probe  
  85  14:36  Probe  
  86  14:47  Probe  
  87  14:57  Probe  
Show
View Real Time Build Order
Export as new Build Order

EdibleDXX Terran - Winner!

Build Orders: MMM Bio 

Get SALT Encoding   

  12  0:06  SCV  
  13  0:18  SCV  
  14  0:30  SCV  
  14  0:32  Supply Depot  
  15  0:38  Refinery  
  15  0:49  Supply Depot  
  15  0:58  Barracks  
  15  1:12  SCV  
  16  1:23  Refinery  
  16  1:24  SCV  
  17  1:36  SCV  
  18  1:48  SCV  
  18  1:50  Engineering Bay  
  19  2:00  SCV  
  20  2:29  Barracks Tech Lab, Factory  
  20  2:35  Orbital Command  
  20  2:44  Barracks  
  20  2:50  Stimpack  
  20  2:55  Marine  
  21  3:06  Terran Infantry Armor Level 1  
  21  3:13  Marine  
  21  3:17  Starport  
  21  3:31  Factory Tech Lab, Marine  
  22  3:36  Barracks Reactor  
  22  3:48  Marine  
  22  3:53  Engineering Bay  
  23  3:56  Medivac  
  25  4:07  Marauder  
  27  4:26  Medivac  
  29  4:33  Marine x2  
  29  4:36  Command Center  
  31  4:51  Missile Turret  
  31  5:02  Starport Tech Lab  
  31  5:13  SCV  
  32  5:25  SCV  
  33  5:37  SCV, Marine x3  
  38  5:50  SCV  
  38  5:53  Supply Depot  
  38  5:55  Marine x3  
  41  6:01  Orbital Command  
  41  6:02  SCV  
  42  6:09  Liberator  
  42  6:12  Marine  
  42  6:14  SCV  
  42  6:16  Supply Depot  
  44  6:20  Siege Tank  
  47  6:32  Combat Shields  
  50  6:39  Terran Infantry Weapons Level 1  
  50  6:42  SCV  
  51  6:47  SCV  
  51  6:52  Siege Tank  
  55  6:54  SCV  
  55  6:56  Marine  
  55  6:57  Marine  
  55  6:58  Marine  
  55  6:59  SCV  
  60  7:12  Refinery  
  60  7:14  Marine  
  61  7:19  Missile Turret  
  49  8:18  Medivac  
  51  8:25  Reaper  
  51  8:26  Marine  
  53  8:27  Marine  
  54  8:35  Supply Depot  
  54  8:44  Marine x2  
  54  8:48  SCV, Medivac  
  59  8:49  SCV, Armory  
  60  8:57  Marine  
  60  8:59  Supply Depot  
  60  9:00  SCV  
  60  9:01  SCV  
  60  9:02  Marine x2  
  65  9:12  SCV  
  65  9:13  SCV  
  65  9:14  Siege Tank, Marine  
  71  9:20  Marine x2  
  71  9:24  Supply Depot, SCV  
  73  9:25  SCV  
  75  9:32  Marine  
  75  9:37  SCV x2  
  75  9:38  Marine  
  78  9:46  Siege Tank  
  78  9:50  Supply Depot  
  81  10:14  Supply Depot  
  81  10:18  Siege Tank  
  84  10:22  Refinery  
  84  10:37  Supply Depot  
  83  11:01  Supply Depot  
  82  11:55  Medivac  
  84  12:25  Medivac  
  86  12:39  Marine x3  
  89  12:53  Supply Depot  
  89  12:55  Medivac  
  89  12:56  Marine  
  89  12:57  Marine x2  
  94  13:08  Siege Tank  
  94  13:12  Terran Infantry Armor Level 2  
  97  13:14  Marine  
  97  13:15  Marauder, Marine  
  97  13:16  Terran Vehicle And Ship Armor Level 1, Supply Depot  
  101  13:25  Medivac  
  103  13:32  Marine  
  103  13:33  Terran Infantry Weapons Level 2, Marine  
  105  13:37  Marauder  
  105  13:40  Supply Depot, Siege Tank, Concussive Shells  
  110  13:55  Medivac  
  112  13:58  Marauder  
  114  14:03  Supply Depot  
  114  14:07  Command Center  
  114  14:08  Liberator  
  114  14:13  Siege Tank  
  117  14:27  Supply Depot  
  120  14:42  Refinery  
  120  14:45  Siege Tank  
  123  14:50  Refinery  
  123  14:51  Supply Depot, Liberator  
  126  15:15  Supply Depot  
  126  15:17  Siege Tank  
  129  15:33  Liberator  
  129  15:38  Supply Depot  
  132  16:02  Supply Depot  
Show
View Real Time Build Order
Export as new Build Order

A.I. 2 (Medium) Zerg 

Build Orders: Pool First 

Get SALT Encoding   

  12  0:01  Drone  
  13  0:12  Overlord  
  13  0:16  Drone  
  14  0:30  Drone  
  14  0:33  Drone  
  16  0:42  Spawning Pool  
  16  0:44  Drone  
  16  0:48  Drone  
  17  0:51  Extractor  
  17  0:55  Drone  
  17  1:05  Overlord  
  17  1:29  Queen  
  17  1:31  Zergling x2  
  20  1:36  Roach Warren  
  20  1:38  Drone, Extractor  
  19  1:42  Zergling x2  
  20  1:49  Drone  
  21  2:00  Drone  
  22  2:10  Overlord  
  22  2:21  Roach  
  24  2:32  Roach  
  24  2:35  Overlord  
  26  2:44  Roach  
  28  2:46  Drone  
  28  2:51  Drone  
  30  2:54  Drone  
  31  3:05  Drone  
  32  3:07  Roach  
  32  3:08  Drone  
  32  3:11  Drone  
  36  3:16  Overlord  
  36  3:23  Baneling Nest  
  35  3:28  Roach  
  35  3:31  Evolution Chamber  
  36  3:39  Drone, Roach  
  39  3:42  Drone  
  40  5:19  Lair, Drone, Zergling x2  
  40  5:20  Overlord  
  42  5:22  Spore Crawler, Drone  
  42  5:24  Spore Crawler  
  42  5:25  Drone  
  42  5:27  Baneling  
  43  5:28  Drone  
  44  5:35  Hatchery, Zergling x2  
  44  5:40  Drone  
  44  5:43  Zergling x2  
  45  5:51  Zergling x2  
  46  5:59  Overlord, Zergling x2, Baneling  
  43  6:07  Zergling x2  
  36  6:13  Spine Crawler  
  36  6:15  Zergling x2  
  36  6:17  Overseer  
  36  6:18  Spine Crawler, Overseer  
  33  6:19  Spire  
  33  6:20  Drone  
  33  6:22  Hydralisk Den  
  33  6:23  Drone  
  33  6:25  Infestation Pit  
  32  6:26  Drone  
  32  6:30  Drone  
  34  6:40  Queen  
  36  6:48  Drone  
  36  6:51  Drone  
  36  6:52  Evolution Chamber  
  37  6:57  Drone  
  38  7:02  Drone  
  38  7:07  Drone  
  40  7:09  Drone  
  40  7:12  Drone  
  40  7:15  Drone  
  43  7:18  Drone  
  43  7:21  Drone  
  45  7:24  Drone  
  45  7:27  Drone  
  48  7:30  Drone, Mutalisk  
  48  7:32  Spore Crawler, Drone  
  51  7:37  Drone  
  51  7:38  Mutalisk  
  51  7:41  Spore Crawler  
  52  7:45  Queen  
  52  7:47  Mutalisk  
  52  7:48  Drone  
  57  7:51  Drone  
  57  7:55  Drone, Mutalisk  
  62  7:58  Drone  
  62  8:01  Drone  
  63  8:07  Spine Crawler  
  63  8:09  Drone  
  63  8:10  Spine Crawler  
  63  8:12  Drone  
  63  8:18  Mutalisk  
  65  8:46  Extractor  
  64  8:49  Extractor  
  63  9:08  Drone  
  64  9:11  Drone  
  64  9:14  Drone  
  66  9:17  Drone  
  67  9:51  Hydralisk  
  67  9:52  Overlord, Pneumatized Carapace  
  69  9:53  Overseer  
  69  9:54  Zerg Ground Armor Level 1, Zerg Melee Weapons Level 1  
  69  10:05  Hatchery  
  68  10:09  Hydralisk  
  68  10:10  Overlord  
  70  10:14  Metabolic Boost  
  69  10:28  Hydralisk  
  69  10:29  Overlord  
  71  10:36  Hive  
  71  10:40  Hydralisk  
  73  10:47  Overlord, Muscular Augments  
  68  10:57  Burrow  
  58  11:05  Zergling x2  
  58  11:18  Drone  
  58  11:19  Queen  
  58  11:21  Drone  
  58  11:24  Drone  
  63  11:27  Drone  
  63  11:30  Drone, Extractor  
  64  11:33  Drone  
  64  11:34  Spore Crawler  
  64  11:36  Drone  
  64  11:39  Drone  
  66  11:42  Drone  
  66  11:44  Extractor  
  66  11:45  Drone  
  67  11:48  Zerg Missile Weapons Level 1, Drone, Spore Crawler  
  67  11:51  Drone, Ultralisk Cavern, Greater Spire  
  67  11:54  Drone  
  67  11:57  Drone  
  67  12:00  Drone  
  70  12:03  Drone  
  71  12:12  Spine Crawler  
  71  12:13  Drone  
  71  12:15  Spine Crawler  
  70  12:16  Drone  
  71  12:38  Ultralisk  
  77  12:50  Ultralisk  
  83  13:01  Ultralisk  
  83  13:04  Spire  
  83  13:05  Drone  
  89  13:39  Corruptor  
  91  13:41  Overlord, Zerg Melee Weapons Level 2  
  91  13:43  Zerg Ground Armor Level 2  
  91  13:49  Infestor  
  80  14:00  Corruptor  
  74  14:04  Overseer  
  74  14:10  Infestor  
  76  14:21  Zergling x2  
  79  14:36  Corruptor  
  81  14:46  Hydralisk  
  81  14:47  Queen  
  72  14:53  Hydralisk  
  69  15:01  Zergling x2  
  57  15:08  Drone, Roach  
  57  15:09  Hatchery  
  57  15:11  Drone  
  57  15:22  Drone, Zergling x2  
  57  15:26  Drone, Spine Crawler  
  53  15:29  Drone  
  53  15:30  Roach  
  53  15:32  Drone  
  53  15:34  Drone  
  51  15:36  Hydralisk, Queen  
  51  15:38  Drone  
  51  15:40  Drone  
  55  15:43  Drone  
  55  15:44  Zergling x2  
  55  15:46  Drone  
  55  15:49  Drone  
  59  15:50  Hydralisk  
  59  15:52  Drone  
  59  15:55  Drone  
  63  15:57  Hatchery  
  63  15:58  Drone, Roach  
  63  16:01  Zerg Melee Weapons Level 3  
  63  16:03  Queen  
  65  16:05  Zergling x2  
  65  16:06  Drone  
  65  16:09  Drone  
  64  16:12  Extractor  
  64  16:13  Drone, Zergling x2  
  64  16:15  Drone  
  61  16:19  Drone  
  61  16:20  Hydralisk  
  61  16:21  Queen  
  61  16:22  Drone  
  56  16:25  Drone  
  56  16:27  Zergling x2  
  56  16:28  Drone  
  56  16:29  Hatchery, Extractor  
  56  16:31  Drone x2  
  54  16:33  Overseer  
  54  16:34  Drone  
  54  16:35  Roach  
  54  16:37  Evolution Chamber, Drone  
  57  16:40  Drone  
  57  16:42  Drone, Zergling x2  
  57  16:43  Drone  
  57  16:46  Drone  
  54  16:49  Drone, Hydralisk  
  54  16:50  Spore Crawler  
  54  16:52  Drone  
  54  16:53  Drone  
  48  16:55  Drone  
  48  16:57  Drone  
  48  16:58  Drone  
  48  17:01  Drone  
  52  17:02  Zerg Missile Weapons Level 2  
  52  17:04  Drone, Zergling x2  
  52  17:07  Drone  
  51  17:11  Drone  
  51  17:12  Roach  
  51  17:14  Drone  
  51  17:17  Drone  
  51  17:18  Hydralisk  
  51  17:20  Drone  
  55  17:23  Drone  
  55  17:26  Drone, Zergling x2  
  55  17:29  Drone  
  59  17:34  Roach  
  60  17:44  Corruptor  
  56  17:54  Infestor  
  56  18:00  Extractor  
  56  18:01  Hydralisk  
  56  18:04  Extractor  
  51  18:05  Overlord  
  51  18:08  Zergling x2  
  50  18:14  Overseer  
  50  18:16  Roach  
  50  18:23  Roach  
  50  18:25  Overlord  
  52  18:31  Roach  
  49  18:39  Spawning Pool  
  46  18:43  Overseer  
  46  18:45  Drone  
  43  18:55  Drone  
  38  18:58  Drone, Overlord  
  38  19:01  Drone  
  38  19:02  Ultralisk  
  39  19:14  Overlord  
  39  19:19  Overlord  
  38  19:26  Overlord  
  37  19:34  Spawning Pool  
  36  19:38  Evolution Chamber  
  36  19:42  Overlord  
  36  19:45  Overlord  
  29  20:04  Overlord, Drone  
  29  20:07  Evolution Chamber, Drone  
  29  20:09  Drone  
Show
View Real Time Build Order
Export as new Build Order

A.I. 3 (Medium) Terran 

Build Orders:  

Get SALT Encoding   

  12  0:01  SCV  
  13  0:13  SCV  
  14  0:18  Supply Depot  
  14  0:25  SCV  
  15  0:40  SCV  
  16  0:43  Barracks  
  16  0:49  Refinery  
  16  0:52  SCV  
  17  1:04  SCV  
  18  1:18  Supply Depot  
  18  1:31  Marine  
  19  1:35  Barracks, Orbital Command  
  19  1:43  Refinery  
  19  1:49  Barracks Tech Lab  
  19  2:07  Marine  
  20  2:08  Factory  
  20  2:23  Supply Depot  
  20  2:25  Marine  
  21  2:33  Marine  
  22  2:46  Marine  
  23  2:58  Marine  
  23  3:02  Supply Depot  
  24  3:11  SCV, Marine  
  26  3:23  SCV  
  26  3:25  Engineering Bay  
  27  3:30  Marauder  
  29  3:35  SCV  
  29  3:38  Hellion  
  32  3:47  SCV  
  33  3:50  Marine  
  33  3:51  Supply Depot  
  34  3:59  SCV  
  35  4:03  Marauder  
  37  4:11  SCV  
  37  4:16  Hellion  
  40  4:38  Hellion  
  42  6:38  Barracks Tech Lab, Widow Mine  
  44  6:42  Factory  
  44  6:44  Missile Turret  
  44  6:45  Missile Turret  
  44  6:52  Command Center, Sensor Tower  
  44  6:53  Armory  
  44  6:57  Starport  
  44  6:58  Supply Depot  
  44  7:03  Barracks  
  44  7:06  Bunker  
  44  7:07  Widow Mine  
  46  7:26  Factory Tech Lab  
  44  7:33  Marine  
  44  7:35  Starport Tech Lab  
  44  7:36  Factory Tech Lab  
  29  7:46  Marauder  
  29  7:51  Barracks Reactor  
  31  7:54  Raven  
  31  7:57  Marine  
  34  8:04  SCV  
  35  8:07  SCV  
  35  8:09  Marine  
  37  8:13  Refinery  
  37  8:16  SCV  
  37  8:17  Missile Turret  
  37  8:19  SCV  
  39  8:20  Missile Turret  
  39  8:21  Refinery  
  39  8:22  Marine  
  40  8:28  SCV  
  40  8:31  SCV  
  40  8:34  Marine  
  42  8:37  Raven  
  42  8:40  SCV  
  46  8:42  Bunker  
  46  8:43  SCV  
  46  8:46  Marauder  
  49  8:52  SCV  
  50  8:55  SCV  
  50  8:58  Marine  
  52  9:05  SCV  
  52  9:07  SCV  
  54  9:10  Siege Tank  
  58  9:17  SCV  
  58  9:20  SCV  
  58  9:23  Siege Tank  
  62  9:29  SCV  
  63  9:32  SCV  
  63  9:34  Marine  
  65  9:41  SCV  
  65  9:44  SCV  
  67  9:47  Marine  
  68  9:53  SCV  
  68  9:56  SCV  
  68  9:58  Supply Depot  
  70  11:36  Reaper, Medivac  
  70  11:37  Combat Shields, Stimpack  
  70  11:38  Terran Infantry Weapons Level 1  
  73  11:41  Marine  
  73  11:42  Starport  
  73  11:45  Supply Depot  
  73  11:46  Command Center  
  74  11:47  Marine  
  74  11:53  Reaper, Ghost Academy  
  76  11:59  Fusion Core  
  76  12:00  Marauder  
  78  12:04  Engineering Bay  
  78  12:06  Armory, Raven  
  80  12:09  Supply Depot  
  80  12:13  Marine  
  72  12:18  Medivac  
  72  12:19  Marine  
  62  12:25  Marauder  
  62  12:29  Terran Infantry Armor Level 1  
  64  12:31  Marauder  
  64  12:36  Marine  
  67  12:42  Marine  
  68  12:47  Marine  
  68  12:49  Starport Tech Lab  
  69  12:53  Marine  
  69  12:55  Concussive Shells  
  70  12:58  SCV  
  70  12:59  Marine  
  70  13:01  SCV  
  70  13:04  SCV  
  70  13:05  Marine  
  75  13:09  Refinery  
  75  13:10  SCV, Ghost  
  78  13:13  SCV  
  78  13:16  SCV  
  78  13:19  Missile Turret  
  80  13:23  SCV  
  80  13:25  SCV  
  82  13:28  SCV  
  82  13:30  Refinery, Missile Turret  
  83  13:35  SCV  
  84  13:52  Bunker  
  84  15:08  Raven  
  84  15:13  Siege Tank  
  87  15:17  Terran Vehicle Weapons Level 1  
  87  15:18  Supply Depot, Siege Tank  
  86  15:24  Marine  
  86  15:29  Marine  
  83  15:35  Marine  
  83  15:41  Marine  
  83  15:45  Supply Depot  
  83  15:46  Thor  
  83  15:49  Command Center  
  79  15:51  Marine  
  79  15:55  SCV  
  79  15:56  Marine  
  57  15:58  SCV  
  57  16:01  Marine  
  54  16:04  Fusion Core  
  54  16:06  Marine  
  54  16:07  SCV  
  54  16:08  Starport  
  54  16:10  Supply Depot, SCV  
  48  16:11  Marine  
  48  16:16  Marine  
  47  16:19  SCV  
  47  16:22  SCV, Marine  
  41  16:27  Marine  
  41  16:31  SCV  
  41  16:32  Marine  
  22  16:43  SCV  
  12  16:47  Marine  
  8  16:55  SCV  
  8  16:58  Marine  
  8  17:00  SCV  
  7  17:01  Supply Depot  
  7  17:05  Marine  
  9  17:09  Refinery  
  9  17:13  SCV  
  9  17:15  Refinery, Marine  
  9  17:23  Marine  
  9  17:25  SCV  
  8  17:37  SCV, Factory  
  7  17:49  SCV  
  6  17:54  Supply Depot  
  6  18:01  SCV  
  5  18:13  SCV  
  6  18:25  SCV  
  7  18:47  SCV  
  7  18:59  SCV  
  7  19:16  SCV  
Tags
 
Add a new tag
Caveats
  • Supply blocks, unpowered buildings, or Contaminate may cause inaccurate times.
  • Supply counts are checked every 10 seconds.